 Dungeon Crawl Stone Soup version 0.19-a0-1899-g2d93087 (webtiles) character file.

2313 HANFGEIST the Nimble (level 9, -2/45 HPs)
             Began as a Deep Elf Wizard on Oct 19, 2016.
             Was a Believer of Vehumet.
             Slain by an orc warrior
             ... wielding a +0 glaive
              (18 damage)
             ... on level 7 of the Dungeon on Oct 20, 2016.
             The game lasted 00:23:46 (6596 turns).

HANFGEIST the Nimble (Deep Elf Wizard)              Turns: 6596, Time: 00:23:47

Health: -2/45      AC:  5    Str:  2    XL:     9   Next: 18%
Magic:  12/17      EV: 18    Int: 27    God:    Vehumet [**....]
Gold:   356        SH:  0    Dex: 13    Spells: 6 memorised, 5 levels left

rFire  . . .     SeeInvis .     F - +2 flail (protect)
rCold  + . .     Gourm    .     a - +0 robe
rNeg   . . .     Faith    .     (no shield)
rPois  .         Spirit   .     b - +0 hat
rElec  .         Reflect  .     (no cloak)
rCorr  .         Harm     .     j - +2 pair of gloves
MR     .....     Clarity  +     (no boots)
Stlth  ++........               (no amulet)
                                w - +6 ring of slaying
                                k - ring of protection from cold

@: repel missiles
A: antennae 1, claws 1, clarity, weak 1
a: Renounce Religion


You were on level 7 of the Dungeon.
You worshipped Vehumet.
Vehumet was pleased with you.
You were not hungry.

You visited 2 branches of the dungeon, and saw 8 of its levels.

You collected 356 gold pieces.

Inventory:

Hand Weapons
 n - a +1 dagger of speed
 q - a +0 whip of holy wrath
 F - a +2 flail of protection (weapon)
 G - a +0 whip of electrocution
 H - a +0 dagger of venom
 O - a +1 whip of electrocution
Missiles
 s - 5 tomahawks (quivered)
 C - 28 poisoned needles
 D - 35 sling bullets
Armour
 a - a +0 robe (worn)
 b - a +0 hat (worn)
 j - a +2 pair of gloves (worn)
 L - a +0 robe of fire resistance
Jewellery
 k - a ring of protection from cold (left hand)
 w - a +6 ring of slaying (right hand)
Wands
 y - a wand of acid (5/15)
 B - a wand of confusion (35/48)
 J - a wand of acid (7/15)
 K - a wand of iceblast (9/15)
Scrolls
 e - 2 scrolls of fear
 l - a scroll of random uselessness {unknown}
 o - a scroll of identify
 r - a scroll of immolation {unknown}
 u - a scroll of fog {unknown}
 x - 3 scrolls of enchant weapon {unknown}
 z - a scroll of recharging {unknown}
 A - 2 scrolls of teleportation
 E - 2 scrolls of remove curse
 I - a scroll of magic mapping {unknown}
Potions
 f - 3 potions of might {unknown}
 g - a potion of brilliance {unknown}
 h - 3 potions of agility {unknown}
 t - 3 potions of heal wounds {unknown}
 v - 2 potions of curing {unknown}
 M - a potion of lignification {unknown}
Books
 c - a book of Minor Magic

   Spells                             Type                      Level
   a - Magic Dart                     Conjuration                  1
   b - Blink                          Translocation                2
   c - Call Imp                       Summoning                    2
   d - Repel Missiles                 Charms/Air                   2
   e - Slow                           Hexes                        2
   f - Conjure Flame                  Conjuration/Fire             3
   g - Mephitic Cloud                 Conjuration/Poison/Air       3
Comestibles
 d - 4 bread rations
 i - 5 beef jerkies
 m - 2 meat rations
 p - 5 fruits
 N - 31 chunks of flesh


   Skills:
 + Level 10.2 Dodging
 - Level 2.4 Stealth
 - Level 4.4 Spellcasting
 - Level 9.0 Conjurations
 - Level 1.1 Summonings
 - Level 1.1 Translocations
 * Level 2.1 Air Magic
 * Level 2.6 Poison Magic


You had 5 spell levels left.
You knew the following spells:

 Your Spells              Type           Power        Failure   Level  Hunger
a - Magic Dart            Conj           ####         1%          1    None
b - Call Imp              Summ           ##......     10%         2    None
c - Repel Missiles        Chrm/Air       ##....       10%         2    None
d - Mephitic Cloud        Conj/Pois/Air  ####....     3%          3    ##.....
e - Blink                 Tloc           N/A          10%         2    None
f - Sting                 Conj/Pois      ####         1%          1    None


Dungeon Overview and Level Annotations

Branches:
Dungeon (7/15)             Temple (1/1) D:5

Altars:
Dithmenos
Elyvilon
Gozag
Hepliaklqana
Nemelex Xobeh
Qazlal
Ru
Sif Muna
Trog
Uskayaw
Vehumet
Xom
Zin
Beogh

Shops:
D:7 [


Innate Abilities, Weirdness & Mutations

You have a pair of small antennae on your head.
You have sharp fingernails.
You possess an exceptional clarity of mind.
You are weak. (Str -2)


Message History

The orc warrior is engulfed in noxious fumes.
The orc warrior barely misses you.
Unknown command.
Casting: Mephitic Cloud
Confirm with . or Enter, or press ? or * to list all spells.
Aiming: Mephitic Cloud
Press: ? - help, Shift-Dir - straight line, f - orc, p - orc warrior
Aim: an orc, wielding a trident The ball explodes into a vile cloud!
The stinking cloud engulfs the orc. x2
The stinking cloud engulfs the orc warrior.
The stinking cloud engulfs the orc.
The orc is engulfed in noxious fumes.
The orc appears confused.
The orc hits the orc with a flail!
The orc is killed!
Vehumet accepts your kill.
Vehumet offers you knowledge of Static Discharge.
You feel your power returning.
The orc is engulfed in noxious fumes.
The orc appears confused.
The orc warrior is engulfed in noxious fumes.
The orc warrior hits you from afar with a glaive!!
You die...

#..##### #.÷# #..# #..# #
########## ############### #
#>.......# #.............####
#.########§ #8...(8..8..8..8##
#.# #§o#8...............# #.#
#§o§@..............)) #.#
#o§#8...............#
#.########( #8....8..8..8..8##
#........# #.............####
#.######## ##################
#.################..#.........
#...................#.....####
##################.....#..#
#..............#....#..#


You could see an orc warrior and 2 orcs.

Vanquished Creatures
  A hippogriff (D:7)
  2 sky beasts
  An orc warrior (D:7)
  2 phantoms
  4 ogres
  A centaur (D:6)
  5 bullfrogs
  A wyvern skeleton (D:7)
  2 scorpions (D:4)
  2 crimson imps (D:5)
  A hound (D:4)
  A bullfrog skeleton (D:5)
  3 bullfrog zombies
  4 orc priests
  2 iguanas
  3 orc wizards
  4 worker ants
  A hound skeleton (D:6)
  A howler monkey zombie (D:3)
  A worker ant zombie (D:7)
  6 gnolls
  4 adders
  2 shadow imps (D:7)
  An adder zombie (D:7)
  2 adder skeletons
  4 worms
  7 leopard geckos
  38 orcs
  2 bats
  7 giant cockroaches
  8 goblins
  4 hobgoblins
  2 jackals (D:4)
  4 quokkas
  2 ball pythons (D:2)
  16 frilled lizards
  A giant cockroach zombie (D:6)
  7 kobolds
  A quokka zombie (D:6)
  9 rats
169 creatures vanquished.

Vanquished Creatures (collateral kills)
  An orc wizard (D:7)
  6 orcs
  A giant cockroach (D:3)
8 creatures vanquished.

Vanquished Creatures (others)
  A wizard (D:5)
  A quokka (D:2)
2 creatures vanquished.

Grand Total: 179 creatures vanquished

Notes
Turn   | Place    | Note
-------+----------+-------------------------------------------
     0 | D:1      | HANFGEIST the Deep Elf Wizard began the quest for the Orb.
     0 | D:1      | Reached XP level 1. HP: 10/10 MP: 7/7
   230 | D:1      | Reached skill level 3 in Dodging
   230 | D:1      | Reached XP level 2. HP: 13/15 MP: 6/9
   718 | D:2      | Found a faded altar of an unknown god.
   743 | D:2      | Learned a level 2 spell: Call Imp
   746 | D:2      | Learned a level 2 spell: Repel Missiles
   798 | D:2      | Found a white marble altar of Elyvilon.
   873 | D:2      | Reached XP level 3. HP: 19/19 MP: 4/10
   883 | D:2      | Learned a level 3 spell: Mephitic Cloud
   888 | D:2      | Learned a level 2 spell: Blink
  1137 | D:2      | Reached skill level 4 in Dodging
  1137 | D:2      | Reached XP level 4. HP: 18/24 MP: 6/12
  1375 | D:2      | Found a hazy altar of Hepliaklqana.
  1620 | D:2      | Reached XP level 5. HP: 15/28 MP: 1/13
  1947 | D:3      | Reached skill level 5 in Dodging
  3288 | D:4      | Reached XP level 6. HP: 32/32 MP: 9/14
  3340 | D:4      | Reached skill level 5 in Conjurations
  3750 | D:4      | Reached skill level 6 in Dodging
  4080 | D:5      | Entered Level 5 of the Dungeon
  4162 | D:5      | Found a staircase to the Ecumenical Temple.
  4172 | Temple   | Entered the Ecumenical Temple
  4180 | Temple   | Became a worshipper of Vehumet
  4331 | D:5      | Reached XP level 7. HP: 36/36 MP: 4/15
  4435 | D:5      | Reached skill level 7 in Dodging
  4517 | D:5      | Found a bloodstained altar of Trog.
  4748 | D:5      | Noticed a wizard
  4751 | D:5      | Killed a wizard
  4862 | D:6      | Reached skill level 8 in Dodging
  4884 | D:6      | Reached * piety under Vehumet
  4884 | D:6      | Offered knowledge of Sting by Vehumet.
  4884 | D:6      | Reached XP level 8. HP: 41/41 MP: 13/16
  4887 | D:6      | Learned a level 1 spell: Sting
  4958 | D:6      | Gained mutation: You are weak. (Str -2) [mutagenic meat]
  4961 | D:6      | Gained mutation: You possess an exceptional clarity of mind. [mutagenic meat]
  4964 | D:6      | Gained mutation: You have a pair of small antennae on your head. [mutagenic meat]
  5068 | D:6      | Gained mutation: Armour fits poorly on your strangely shaped body. [potion of mutation]
  5068 | D:6      | Gained mutation: You have sharp fingernails. [potion of mutation]
  5068 | D:6      | Lost mutation: Armour fits poorly on your strangely shaped body. [potion of mutation]
  5285 | D:6      | Found a stormy altar of Qazlal.
  5286 | D:6      | Noticed an air elemental
  5449 | D:7      | Found a runed door.
  5481 | D:7      | Found Neomirch's Armour Shop.
  5487 | D:7      | Reached skill level 9 in Dodging
  6059 | D:7      | Offered knowledge of Throw Frost by Vehumet.
  6127 | D:7      | Reached skill level 10 in Dodging
  6190 | D:7      | Reached ** piety under Vehumet
  6206 | D:7      | Reached skill level 1 in Poison Magic
  6206 | D:7      | Reached XP level 9. HP: 26/45 MP: 9/17
  6227 | D:7      | Upgraded the game from 0.19-a0-1896-g611e798 to 0.19-a0-1899-g2d93087
  6362 | D:7      | Reached skill level 1 in Air Magic
  6594 | D:7      | Found a roughly hewn altar of Beogh.
  6596 | D:7      | Offered knowledge of Static Discharge by Vehumet.
  6596 | D:7      | Slain by an orc warrior

Vault maps used:
D:1:      minmay_arrival_arboretum_large, minmay_lizard_king
D:2:      elyvilon_altar_4, lemuel_coloured_pillars_altar, ecumenical_altar_2
D:3:      first_bread, minmay_misc_feat_enclosed
D:4:      minmay_misc_feat_chi, minmay_misc_feat_hallway
D:5:      grunt_ministairs_14, trog_wizard
D:6:      nicolae_qazlal_style_of_elements, solitary_fountain
D:7:      serial_shops, shop, lightli_church_of_beogh
Temple:   eino_narrow_crystal_temple

Skill      XL: |  1  2  3  4  5  6  7  8  9 |
---------------+----------------------------+-----
Dodging        | 3 4 5 6 8 10 | 10.2
Conjurations   | 2 3 4 5 7 9 |  9.0
Poison Magic   | 1 2 |  2.6
Air Magic      | 2 |  2.1
Stealth        | |  2.4
Spellcasting   | |  4.4
Summonings     | |  1.1
Translocations | |  1.1

Action                   |  1- 3 |  4- 6 |  7- 9 || total
-------------------------+-------+-------+-------++-------
Melee: Club              |    15 |       |       ||    15
       Dagger            |    28 |   140 |    25 ||   193
       Whip              |       |       |    19 ||    19
       Flail             |       |       |    98 ||    98
Throw: Tomahawk          |     2 |    59 |    50 ||   111
       Throwing net      |       |     1 |       ||     1
 Cast: Magic Dart        |    44 |    91 |    45 ||   180
       Repel Missiles    |     1 |     1 |       ||     2
       Mephitic Cloud    |     2 |    20 |    20 ||    42
       Call Imp          |       |     3 |     5 ||     8
       Sting             |       |       |    14 ||    14
       Blink             |       |       |     1 ||     1
Evoke: Wand              |       |       |     1 ||     1
  Use: Potion            |     1 |       |     1 ||     2
       Scroll            |       |     6 |     3 ||     9
 Stab: Sleeping          |     1 |     2 |     2 ||     5
       Confused          |     1 |     4 |     6 ||    11
  Eat: Chunk             |     1 |     9 |    11 ||    21
       Fruit             |       |     2 |       ||     2
Armor: Robe              |     5 |     9 |    36 ||    50
Dodge: Dodged            |    30 |    84 |   102 ||   216
       Deflected         |       |     1 |       ||     1
